 Dungeon Crawl Stone Soup version 0.27.1-3-gb3d3a73c9e (webtiles) character file.

Game seed: 12868910926183773488

5 CuBeRJAN3 the Skirmisher (level 1, -1/14 HPs)
             Began as a Gargoyle Fighter on Oct 28, 2021.
             Slain by a kobold (6 damage)
             ... on level 1 of the Dungeon.
             The game lasted 00:00:59 (241 turns).

CuBeRJAN3 the Skirmisher (Gargoyle Fighter)          Turns: 241, Time: 00:01:00

Health: -1/14      AC:  9    Str: 19    XL:     1   Next: 80%
Magic:  1/1        EV:  7    Int:  8    God:
Gold:   0          SH:  9    Dex:  9    Spells: 0/0 levels left

rFire    . . .     SeeInvis .   a - +0 flail
rCold    . . .     Faith    .   c - +0 kite shield
rNeg     + . .     Spirit   .   b - +0 scale mail
rPois    ∞         Reflect  .   (no helmet)
rElec    +         Harm     .   (no cloak)
rCorr    .         Rampage  .   (no gloves)
Will     .....                  (no boots)
Stlth    ..........             (no amulet)
HPRegen  0.04/turn              (no ring)
MPRegen  0.07/turn              (no ring)

@: no status effects
A: sickness immunity, AC +2, negative energy resistance 1, electricity
resistance, torment resistance 1, petrification resistance
a: no special abilities


You were on level 1 of the Dungeon.
You visited 1 branch of the dungeon, and saw 1 of its levels.

Inventory:

Hand Weapons
 a - a +0 flail (weapon)
Armour
 b - a +0 scale mail (worn)
 c - a +0 kite shield (worn)
Potions
 d - a potion of might


   Skills:
 * Level 3.4 Fighting
 * Level 2.1 Maces & Flails
 + Level 3.3 Armour
 + Level 3.3 Shields


You couldn't memorise any spells.
You didn't know any spells.
Your spell library was empty.

Dungeon Overview and Level Annotations

Branches:
Dungeon (1/15)

Altars:


Innate Abilities, Weirdness & Mutations

You are immune to sickness and miasma.
Your stone body is resilient. (AC +2)
You are immune to poison.
You resist negative energy. (rN+)
You are resistant to electric shocks. (rElec)
You are resistant to unholy torment.
You are immune to petrification.


Message History

The kobold hits you with a +1 short sword of electrocution.
The kobold hits you but does no damage.
You hit the kobold but do no damage.
The kobold hits you with a +1 short sword of electrocution.
You completely miss the kobold. The kobold closely misses you.
The kobold hits you with a +1 short sword of electrocution.
You closely miss the kobold. The kobold hits you but does no damage.
You closely miss the kobold.
The kobold hits you with a +1 short sword of electrocution.
* * * LOW HITPOINT WARNING * * *
The kobold hits you but does no damage.
Press: ? - help, v - describe, . - travel
Here: a kobold, wielding a +1 short sword of electrocution and quivering stones The floor.
Unknown command.
You hit the kobold.
The kobold is severely wounded.
You block the kobold's attack.
The kobold throws a stone.
The stone barely misses you.
The kobold throws a stone.
The stone hits you but does no damage.
The kobold throws a stone.
You block the stone.
The kobold throws a stone.
You block the stone.
There is an open door here.
There is an open door here.
The kobold throws a stone.
You block the stone.
The kobold throws a stone.
The stone hits you but does no damage.
There is an open door here.
Which direction?
You close the door.
There is an open door here.
As you close the door, it creaks loudly!
You start resting.
A kobold opens the door.
It is wielding a +1 short sword of electrocution.
The kobold hits you but does no damage.
There is an open door here.
You closely miss the kobold.
The kobold is severely wounded.
You block the kobold's attack.
The kobold hits you with a +1 short sword of electrocution.
You die...

#..#..#.## #..##.#.# #.# #
#........###..##.#.####.#.#
#.......K.....†...........#
#.......#.###.###.###.#.###
...K....#.'#'.'#+.+#'.#...
#..##..####.###.###.###.###
#..##...# #.'#+.+#'.# ..#
#..##.#.#.###.###.### ...
#.K.........#.'.@.# .##
##.##...#.#####K### #.
............ #<#
##........... ###
#.#......... .........##.
........... #.# ....... #.#
...#.


You could see a kobold.

Vanquished Creatures
  A dart slug (D:1)
  2 hobgoblins (D:1)
3 creatures vanquished.

Notes
Turn   | Place    | Note
-------+----------+-------------------------------------------
     0 | D:1      | CuBeRJAN3 the Gargoyle Fighter began the quest for the Orb.
     0 | D:1      | Reached XP level 1. HP: 14/14 MP: 1/1
   241 | D:1      | Slain by a kobold

Illustrated notes

Levels and vault maps discovered:
D:1:      erik_arrival_triangle_medium, layout_basic

Action                   || total
-------------------------++-------
Melee: Flail             ||    18
Armor: Scale mail        ||    12
Dodge: Dodged            ||     2
Block: Kite shield       ||     8
